Warning! The script has encountered some errors when parsing the replay. Please report them to the . » details
0x00, prev: 0x16: 16 02 01 00 E7 96 00 00 ED 96 00 00 [00] 00 00 00 00 00 00 00 00 00 00 00 00 00 00 00 00 00 00 00 00 00 00 00 01 00
0x00, prev: 0x00: 16 02 01 00 E7 96 00 00 ED 96 00 00 00 00 00 00 00 00 00 00 00 00 00 00 00 00 00 00 00 00 00 00 00 00 [00] 00 01 00
0x0F, prev: 0x00: 16 02 01 00 DB 24 00 00 E9 3C 06 00 00 00 00 00 00 00 00 00 00 00 00 00 00 00 00 00 00 00 00 00 00 00 00 00 [0F] 00 01 01 00 1A 06 0E 00 1A 19 67 6D 61 48 A1 91 00 00 4D 11 01 00
0x0E, prev: 0x00: 16 02 01 00 E9 89 00 00 55 53 12 00 00 00 00 00 00 00 00 00 00 00 00 00 00 00 00 00 00 00 00 00 00 00 00 00 [0E] 00
0x00, prev: 0x01: 16 02 01 00 E7 96 00 00 ED 96 00 00 00 00 00 00 00 00 00 00 00 00 00 00 00 00 00 00 00 00 00 00 00 00 00 00 01 [00]
0x00, prev: 0x05: 16 02 01 00 91 70 00 00 7A 89 11 00 00 00 00 00 00 00 00 00 00 00 00 00 00 00 00 00 00 00 00 00 00 00 00 00 05 [00] 01 1F 00 12 08 00 03 00 0D 00 FF FF FF FF FF FF FF FF 1A DA 72 45 F8 45 63 44 FF FF FF FF FF FF FF FF 01 11 00 18 02 03 1A 19 6D 68 73 6F 93 80 00 00 EE 23 05 00
0x0B, prev: 0x00: 16 02 01 00 81 88 00 00 A6 D3 05 00 00 00 00 00 00 00 00 00 00 00 00 00 00 00 00 00 00 00 00 00 00 00 00 00 [0B] 00 03 1F 00 12 18 00 03 00 0D 00 FF FF FF FF FF FF FF FF 00 00 10 C5 00 00 54 C5 67 52 00 00 A8 03 11 00
0x0C, prev: 0x00: 16 02 01 00 26 9D 00 00 ED 81 12 00 00 00 00 00 00 00 00 00 00 00 00 00 00 00 00 00 00 00 00 00 00 00 00 00 [0C] 00
0x09, prev: 0x00: 16 02 01 00 2B 3E 00 00 85 B5 0C 00 00 00 00 00 00 00 00 00 00 00 00 00 00 00 00 00 00 00 00 00 00 00 00 00 [09] 00
0x0D, prev: 0x00: 16 02 01 00 09 95 00 00 07 78 07 00 00 00 00 00 00 00 00 00 00 00 00 00 00 00 00 00 00 00 00 00 00 00 00 00 [0D] 00
0x0A, prev: 0x00: 16 02 01 00 24 16 00 00 3A 3F 06 00 00 00 00 00 00 00 00 00 00 00 00 00 00 00 00 00 00 00 00 00 00 00 00 00 [0A] 00
General information
- name: BNet
- type: Ladder team game (AT/RT)
- host: Battle.net
- saver: WannaPlayAGame
map: SilverpineForest
- players: 6
- length: 93:52
- speed: Fast
- version: 1.23 W3XP
- replay type: Public
» download(406 KB)
Players
team 1 (loser)

»
yourgfwantsme (
blue | 135 APM | 6086 actions | 44:58)
9 Blademaster
3 Wind Walk
3 Critical Strike
1 Bladestorm
2 Mirror Image
» actions
| Assign group hotkey | 106 | |
| Basic commands | 625 | |
| Build / train | 155 | |
| Enter build submenu | 40 | |
| Enter hero's abilities submenu | 10 | |
| Give item / drop item | 11 | |
| Remove unit from queue | 14 | |
| Right click | 2268 | |
| Select / deselect | 707 | |
| Select group hotkey | 1979 | |
| Use ability | 171 | |
6086 total
» units
| Peon | 12 | |
| Grunt | 4 | |
| Troll Headhunter/Berserker | 20 | |
| Shaman | 4 | |
| Troll Witch Doctor | 2 | |
| Demolisher | 4 | |
| Troll Batrider | 12 | |
| Goblin Zeppelin | 12 | |
| Wind Rider | 11 | |
| Raider | 1 | |
82 total
» upgrades
| Armor | 3 | |
| Berserker Strength | 1 | |
| Troll Regeneration | 1 | |
| Shaman Training | 2 | |
| Witch Doctor Training | 2 | |
| Berserker Upgrade | 1 | |
| Reinforced Defenses | 1 | |
| Burning Oil | 1 | |
| Ranged Weapons | 2 | |
| Liquid Fire | 1 | |
| Envenomed Spears | 1 | |
| Ensnare | 1 | |
17 total
» buildings
| Altar of Storms | 1 | |
| Orc Burrow | 10 | |
| Barracks | 2 | |
| Voodoo Lounge | 1 | |
| Stronghold | 1 | |
| War Mill | 1 | |
| Spirit Lodge | 2 | |
| Fortress | 1 | |
| Watch Tower | 10 | |
| Great Hall | 3 | |
| Beastiary | 2 | |
34 total
» build order
00:12 Altar of Storms
00:23 Orc Burrow
00:41 Barracks
01:30 Orc Burrow
02:02 Voodoo Lounge
03:34 Orc Burrow
04:14 Stronghold
04:31 War Mill
05:40 Orc Burrow
07:18 Spirit Lodge
07:22 Spirit Lodge
07:39 Fortress
09:29 Orc Burrow
12:28 Orc Burrow
16:47 Orc Burrow
17:51 Orc Burrow
18:11 Watch Tower
18:13 Watch Tower
18:16 Watch Tower
19:45 Great Hall
19:49 Watch Tower
21:14 Orc Burrow
21:15 Watch Tower
22:39 Barracks
25:43 Orc Burrow
26:59 Beastiary
27:56 Beastiary
44:47 Watch Tower
» items
| Healing Salve | 5 | |
| Lesser Clarity Potion | 9 | |
| Potion of Lesser Invulnerability | 2 | |
| Periapt of Vitality | 2 | |
| Orb of Darkness | 1 | |
19 total
revelation21th (
yellow | 107 APM | 4776 actions | 44:47)
7 Tauren Chieftain
3 Endurance Aura
3 War Stomp
1 Reincarnation
6 Shadow Hunter
3 Healing Wave
2 Hex
1 Big Bad Voodoo
» actions
| Assign group hotkey | 91 | |
| Basic commands | 103 | |
| Build / train | 163 | |
| Enter build submenu | 25 | |
| Enter hero's abilities submenu | 13 | |
| Give item / drop item | 10 | |
| Right click | 2818 | |
| Select / deselect | 894 | |
| Select group hotkey | 398 | |
| Use ability | 261 | |
4776 total
» units
| Peon | 18 | |
| Grunt | 8 | |
| Tauren | 11 | |
| Shaman | 1 | |
| Spirit Walker | 6 | |
| Goblin Zeppelin | 19 | |
| Wind Rider | 19 | |
| Troll Batrider | 3 | |
85 total
» upgrades
| Berserker Strength | 1 | |
| Shaman Training | 2 | |
| Pulverize | 1 | |
| Armor | 3 | |
| Melee Weapons | 3 | |
| Spirit Walker Training | 2 | |
| Reinforced Defenses | 1 | |
| Spiked Barricades | 1 | |
| Backpack | 1 | |
| Ranged Weapons | 2 | |
| Envenomed Spears | 1 | |
18 total
» buildings
| Orc Burrow | 6 | |
| Altar of Storms | 1 | |
| Barracks | 1 | |
| Voodoo Lounge | 1 | |
| War Mill | 2 | |
| Stronghold | 1 | |
| Watch Tower | 1 | |
| Fortress | 1 | |
| Spirit Lodge | 1 | |
| Tauren Totem | 2 | |
| Great Hall | 4 | |
| Beastiary | 3 | |
24 total
» build order
00:21 Orc Burrow
00:50 Altar of Storms
00:55 Barracks
01:23 Orc Burrow
02:10 Voodoo Lounge
02:42 War Mill
03:23 Stronghold
03:49 Orc Burrow
04:28 Watch Tower
05:36 Orc Burrow
06:18 Fortress
06:47 Spirit Lodge
07:13 Orc Burrow
09:34 Tauren Totem
12:59 Tauren Totem
14:34 Orc Burrow
16:12 Great Hall
34:58 Great Hall
36:11 Great Hall
41:49 War Mill
44:47 Beastiary
» items
| Healing Salve | 5 | |
| Scroll of Speed | 1 | |
| Boots of Speed | 2 | |
| Potion of Healing | 2 | |
| Scroll of Town Portal | 7 | |
| Orb of Lightning | 6 | |
| Lesser Clarity Potion | 5 | |
| Potion of Lesser Invulnerability | 6 | |
| Periapt of Vitality | 2 | |
| Potion of Mana | 1 | |
37 total

»
beenden (
green | 54 APM | 2426 actions | 44:58)
5 Pandaren Brewmaster
3 Breath of Fire
2 Drunken Brawler
» actions
| Assign group hotkey | 67 | |
| Basic commands | 83 | |
| Build / train | 228 | |
| Enter build submenu | 85 | |
| Enter hero's abilities submenu | 5 | |
| Give item / drop item | 16 | |
| Right click | 701 | |
| Select / deselect | 692 | |
| Select group hotkey | 279 | |
| Use ability | 269 | |
2426 total
» units
| Acolyte | 47 | |
| Ghoul | 37 | |
| Crypt Fiend | 7 | |
| Obsidian Statue | 10 | |
| Gargoyle | 34 | |
| Frost Wyrm | 1 | |
| Goblin Zeppelin | 27 | |
| Grunt | 1 | |
164 total
» upgrades
| Destroyer Form | 1 | |
| Creature Attack | 3 | |
| Unholy Strength | 1 | |
5 total
» buildings
| Crypt | 21 | |
| Ziggurat | 43 | |
| Altar of Darkness | 1 | |
| Graveyard | 4 | |
| Halls of the Dead | 5 | |
| Tomb of Relics | 3 | |
| Nerubian Tower | 3 | |
| Spirit Tower | 27 | |
| Slaughterhouse | 3 | |
| Black Citadel | 6 | |
| Sacrificial Pit | 1 | |
| Necropolis | 25 | |
| Boneyard | 14 | |
156 total
» build order
00:12 Crypt
00:15 Ziggurat
00:46 Altar of Darkness
01:26 Graveyard
02:04 Ziggurat
02:54 Halls of the Dead
02:54 Halls of the Dead
02:58 Ziggurat
03:01 Ziggurat
03:02 Tomb of Relics
03:04 Ziggurat
03:06 Nerubian Tower
03:39 Ziggurat
03:43 Tomb of Relics
03:48 Ziggurat
03:50 Ziggurat
05:05 Nerubian Tower
05:06 Halls of the Dead
05:06 Halls of the Dead
05:07 Halls of the Dead
06:45 Spirit Tower
07:50 Slaughterhouse
09:28 Ziggurat
09:30 Ziggurat
09:35 Ziggurat
09:37 Ziggurat
09:42 Black Citadel
09:49 Ziggurat
10:14 Spirit Tower
10:17 Ziggurat
10:19 Ziggurat
10:21 Ziggurat
10:42 Spirit Tower
10:42 Spirit Tower
11:19 Spirit Tower
11:25 Spirit Tower
11:25 Spirit Tower
11:26 Spirit Tower
11:33 Spirit Tower
11:34 Spirit Tower
11:34 Spirit Tower
11:57 Sacrificial Pit
12:28 Ziggurat
12:29 Ziggurat
12:46 Ziggurat
12:53 Ziggurat
12:55 Ziggurat
13:30 Spirit Tower
13:32 Ziggurat
13:33 Ziggurat
13:39 Spirit Tower
13:40 Spirit Tower
13:46 Spirit Tower
13:46 Spirit Tower
14:08 Spirit Tower
14:14 Ziggurat
14:19 Ziggurat
14:20 Ziggurat
14:55 Black Citadel
14:55 Black Citadel
14:55 Black Citadel
15:17 Spirit Tower
15:19 Spirit Tower
15:19 Spirit Tower
16:37 Ziggurat
16:40 Ziggurat
16:43 Ziggurat
17:10 Ziggurat
18:57 Slaughterhouse
19:00 Slaughterhouse
26:42 Necropolis
28:32 Necropolis
28:53 Necropolis
33:18 Boneyard
33:27 Crypt
33:31 Crypt
33:34 Crypt
33:38 Crypt
34:01 Graveyard
34:03 Graveyard
38:28 Crypt
38:30 Crypt
38:30 Crypt
38:31 Crypt
38:32 Crypt
38:33 Crypt
38:34 Crypt
38:36 Crypt
38:36 Crypt
38:37 Crypt
38:42 Crypt
38:44 Crypt
38:45 Crypt
38:46 Crypt
38:47 Crypt
38:48 Crypt
38:54 Boneyard
38:55 Boneyard
38:57 Boneyard
38:59 Boneyard
39:00 Boneyard
39:01 Boneyard
39:04 Boneyard
39:07 Necropolis
39:08 Necropolis
39:09 Necropolis
39:10 Necropolis
39:12 Necropolis
39:18 Boneyard
39:18 Boneyard
39:19 Boneyard
39:21 Boneyard
39:22 Boneyard
39:23 Boneyard
39:27 Necropolis
39:29 Necropolis
39:32 Necropolis
39:33 Necropolis
39:34 Graveyard
39:35 Necropolis
39:37 Necropolis
39:37 Necropolis
39:39 Necropolis
39:40 Necropolis
39:41 Necropolis
39:42 Necropolis
39:45 Necropolis
39:46 Necropolis
39:47 Necropolis
39:49 Necropolis
39:57 Ziggurat
39:57 Ziggurat
39:58 Ziggurat
39:59 Ziggurat
39:59 Ziggurat
40:00 Ziggurat
40:02 Ziggurat
40:05 Ziggurat
40:05 Ziggurat
40:06 Ziggurat
40:08 Ziggurat
40:21 Ziggurat
40:22 Ziggurat
44:47 Necropolis
» items
| Rod of Necromancy | 2 | |
| Khadgar's Gem of Health | 1 | |
| Amulet of Spell Shield | 1 | |
| Staff of Teleportation | 1 | |
| Boots of Speed | 1 | |
| Potion of Greater Healing | 3 | |
| Warsong Battle Drums | 1 | |
| Ring of Protection +4 | 1 | |
| Potion of Invulnerability | 1 | |
12 total
team 2 (winner)

»
Shortroundrules (
teal | 50 APM | 1233 actions | 24:39)
3 Death Knight
2 Death Coil
1 Unholy Aura
4 Dreadlord
3 Sleep
1 Vampiric Aura
» actions
| Assign group hotkey | 30 | |
| Basic commands | 83 | |
| Build / train | 44 | |
| ESC pressed | 1 | |
| Enter build submenu | 15 | |
| Enter hero's abilities submenu | 7 | |
| Right click | 409 | |
| Select / deselect | 337 | |
| Select group hotkey | 262 | |
| Use ability | 45 | |
1233 total
» units
| Acolyte | 7 | |
| Ghoul | 6 | |
| Necromancer | 4 | |
| Frost Wyrm | 2 | |
| Crypt Fiend | 2 | |
21 total
» upgrades
| Unholy Strength | 1 | |
| Skeletal Longevity | 1 | |
| Necromancer Training | 2 | |
| Web | 1 | |
| Skeletal Mastery | 1 | |
6 total
» buildings
| Crypt | 1 | |
| Ziggurat | 5 | |
| Altar of Darkness | 1 | |
| Graveyard | 1 | |
| Nerubian Tower | 1 | |
| Halls of the Dead | 1 | |
| Tomb of Relics | 2 | |
| Temple of the Damned | 2 | |
| Black Citadel | 1 | |
| Sacrificial Pit | 1 | |
| Boneyard | 1 | |
17 total
» build order
00:16 Crypt
00:18 Ziggurat
00:38 Altar of Darkness
01:00 Graveyard
01:15 Nerubian Tower
01:49 Ziggurat
02:37 Halls of the Dead
02:51 Tomb of Relics
03:38 Tomb of Relics
03:52 Ziggurat
04:59 Temple of the Damned
05:00 Temple of the Damned
06:11 Ziggurat
07:29 Black Citadel
08:49 Sacrificial Pit
10:40 Boneyard
12:14 Ziggurat
» items
| Scroll of Town Portal | 1 | |
| Potion of Healing | 2 | |
| Dust of Appearance | 1 | |
4 total
humanplayer (
orange | 130 APM | 2254 actions | 17:16)
3 Far Seer
2 Feral Spirit
1 Chain Lighting
2 Shadow Hunter
1 Hex
1 Healing Wave
» actions
| Assign group hotkey | 40 | |
| Basic commands | 161 | |
| Build / train | 72 | |
| ESC pressed | 2 | |
| Enter build submenu | 15 | |
| Enter hero's abilities submenu | 5 | |
| Remove unit from queue | 1 | |
| Right click | 736 | |
| Select / deselect | 427 | |
| Select group hotkey | 722 | |
| Use ability | 73 | |
2254 total
» units
| Peon | 21 | |
| Grunt | 7 | |
| Shaman | 4 | |
| Tauren | 9 | |
41 total
» upgrades
| Shaman Training | 2 | |
| Berserker Strength | 1 | |
| Armor | 1 | |
| Pulverize | 1 | |
5 total
» buildings
| Altar of Storms | 1 | |
| Orc Burrow | 6 | |
| Barracks | 1 | |
| Stronghold | 1 | |
| Voodoo Lounge | 1 | |
| War Mill | 1 | |
| Spirit Lodge | 1 | |
| Fortress | 1 | |
| Tauren Totem | 3 | |
16 total
» build order
00:07 Altar of Storms
00:20 Orc Burrow
00:35 Barracks
01:32 Orc Burrow
02:49 Stronghold
03:25 Orc Burrow
03:33 Voodoo Lounge
03:49 War Mill
05:31 Spirit Lodge
07:12 Fortress
09:37 Tauren Totem
09:40 Tauren Totem
11:02 Tauren Totem
11:30 Orc Burrow
11:33 Orc Burrow
12:44 Orc Burrow
» items
| Lesser Clarity Potion | 3 | |
| Healing Salve | 3 | |
| Scroll of Speed | 1 | |
| Scroll of Town Portal | 1 | |
8 total
WannaPlayAGame (
red | 97 APM | 4354 actions | 44:58)
6 Archmage
3 Blizzard
2 Brilliance Aura
1 Mass Teleport
5 Dark Ranger
3 Silence
2 Black Arrow
4 Goblin Alchemist
2 Acid Bomb
2 Chemical Rage
» actions
| Assign group hotkey | 106 | |
| Basic commands | 129 | |
| Build / train | 121 | |
| ESC pressed | 3 | |
| Enter build submenu | 71 | |
| Enter hero's abilities submenu | 28 | |
| Give item / drop item | 27 | |
| Right click | 1582 | |
| Select / deselect | 993 | |
| Select group hotkey | 576 | |
| Use ability | 717 | |
4354 total
» units
| Peasant | 20 | |
| Goblin Shredder | 1 | |
| Mortar Team | 3 | |
| Siege Engine | 3 | |
| Goblin Zeppelin | 2 | |
| Flying Machine | 3 | |
32 total
» upgrades
| Masonry | 3 | |
| Gunpowder | 3 | |
| Plating | 3 | |
| Barrage | 1 | |
| Fragmentation Shards | 1 | |
| Flak Cannons | 1 | |
| Armor | 1 | |
| Flare | 1 | |
14 total
» buildings
| Altar of Kings | 2 | |
| Farm | 26 | |
| Lumber Mill | 3 | |
| Scout Tower | 54 | |
| Arcane Tower | 2 | |
| Town Hall | 1 | |
| Guard Tower | 23 | |
| Arcane Vault | 1 | |
| Keep | 2 | |
| Blacksmith | 1 | |
| Castle | 2 | |
| Workshop | 3 | |
| Great Hall | 1 | |
121 total
» build order
00:19 Altar of Kings
00:33 Farm
00:48 Lumber Mill
00:55 Farm
01:35 Farm
02:08 Scout Tower
02:12 Scout Tower
02:37 Arcane Tower
03:21 Town Hall
03:35 Guard Tower
04:03 Scout Tower
04:25 Arcane Vault
04:34 Scout Tower
04:46 Guard Tower
05:03 Scout Tower
05:05 Scout Tower
05:37 Guard Tower
05:40 Scout Tower
05:40 Scout Tower
05:42 Scout Tower
05:43 Scout Tower
06:13 Keep
07:09 Guard Tower
07:24 Guard Tower
07:27 Scout Tower
07:28 Scout Tower
07:28 Scout Tower
07:29 Scout Tower
07:30 Scout Tower
07:31 Scout Tower
07:32 Scout Tower
07:33 Scout Tower
07:33 Scout Tower
07:36 Blacksmith
08:32 Guard Tower
08:35 Castle
08:35 Castle
08:49 Workshop
08:52 Workshop
08:54 Workshop
09:26 Guard Tower
09:42 Guard Tower
10:20 Guard Tower
11:48 Farm
11:50 Farm
11:50 Farm
11:51 Farm
11:53 Farm
11:53 Farm
11:57 Farm
11:58 Farm
11:58 Farm
11:59 Farm
11:59 Farm
11:59 Farm
12:11 Scout Tower
12:12 Scout Tower
12:13 Scout Tower
12:14 Scout Tower
12:20 Scout Tower
12:23 Scout Tower
12:24 Scout Tower
12:25 Scout Tower
12:25 Scout Tower
12:26 Scout Tower
13:30 Guard Tower
13:51 Guard Tower
23:15 Scout Tower
23:19 Scout Tower
24:02 Guard Tower
24:05 Scout Tower
24:07 Scout Tower
24:38 Guard Tower
24:53 Scout Tower
25:23 Guard Tower
25:26 Scout Tower
25:57 Guard Tower
26:14 Scout Tower
26:16 Scout Tower
26:18 Scout Tower
26:20 Scout Tower
26:22 Scout Tower
26:34 Keep
26:48 Guard Tower
26:52 Guard Tower
26:57 Scout Tower
26:59 Scout Tower
27:04 Scout Tower
27:07 Scout Tower
28:22 Lumber Mill
28:58 Guard Tower
29:18 Scout Tower
29:48 Guard Tower
29:52 Scout Tower
31:07 Guard Tower
34:02 Altar of Kings
34:43 Farm
34:45 Farm
34:48 Farm
34:49 Farm
34:51 Farm
34:52 Farm
38:46 Farm
38:49 Farm
38:51 Farm
38:51 Farm
44:31 Arcane Tower
44:47 Great Hall
» items
| Boots of Speed | 1 | |
| Staff of Teleportation | 3 | |
| Orb of Lightning | 2 | |
| Tiny Great Hall | 1 | |
| Scroll of Town Portal | 4 | |
| Orb of Corruption | 1 | |
| Staff of Sanctuary | 2 | |
| Ivory Tower | 1 | |
15 total
Chat log
(00:11 / Allies) humanplayer: melee
(00:21 / 7) WannaPlayAGame: plan?
(01:00 / 8) beenden: a
(01:04 / 8) beenden: i want to hero arena
(01:05 / 8) beenden: play D
(01:06 / 7) WannaPlayAGame: k
(01:16 / 7) WannaPlayAGame: if i can bank some cash ill try to perch
(01:22 / 7) WannaPlayAGame: this perch is whack tho
(03:23 / 8) beenden: no
(05:12 / 7) WannaPlayAGame: shreders up
(05:14 / 7) WannaPlayAGame: i got bottom righ tone
(05:15 / Allies) Shortroundrules: k
(05:24 / 8) beenden: not important
(05:25 / 8) beenden: im ud
(05:38 / Allies) Shortroundrules: dont
(06:23 / 7) WannaPlayAGame: ur shit
(07:05 / Allies) Shortroundrules: come
(07:07 / 8) beenden: they owned me
(07:09 / 8) beenden: no hero arena
(07:10 / 8) beenden: just owned
(07:36 / 8) beenden: they are attacking me
(07:45 / 7) WannaPlayAGame: thats g4y
(08:26 / 7) WannaPlayAGame: yellow will quit
(08:29 / 7) WannaPlayAGame: hes all grunts
(08:54 / Allies) Shortroundrules: spare 1000 gold red?
(09:04 / 7) WannaPlayAGame: mh...
(09:07 / 8) beenden: hacked
(09:20 / 8) beenden: im going tyo mass towers in my base
(09:24 / 8) beenden: these pants are sad
(10:59 / All) WannaPlayAGame: yellow is a noob
(11:04 / All) Shortroundrules: that sucks
(11:04 / All) revelation21th: yea ok
(11:29 / All) Shortroundrules: if he was really a noob, he'd tk u
(11:34 / All) revelation21th: rofl
(11:35 / All) WannaPlayAGame: im on your team smart guy
(11:36 / All) revelation21th: ok
(12:00 / Allies) Shortroundrules: ready?
(12:08 / 8) beenden: ya ok
(12:10 / 8) beenden: ping it more
(12:14 / Allies) humanplayer: LETS GO
(12:23 / Allies) Shortroundrules: red, plz gimme 1000 gold
(12:32 / Allies) WannaPlayAGame: all u can eat gold
(12:34 / Allies) WannaPlayAGame: in ur expo
(12:46 / Allies) Shortroundrules: (sigh) b/c having 2000 gold is a good idea
(13:36 / All) WannaPlayAGame: yeah go for the tower masser cuz he called u a noob
(13:38 / All) WannaPlayAGame: smrt
(14:14 / 7) WannaPlayAGame: dotn rape my team
(14:18 / 7) WannaPlayAGame: if we losing
(14:20 / 7) WannaPlayAGame: idk if we are or not
(14:36 / 8) beenden: they have been shitting on my base all game
(15:59 / Allies) humanplayer: WELL IT IS A FUKING 2 V 3
(16:07 / Allies) WannaPlayAGame: look again thats only 2 of them
(16:26 / Allies) Shortroundrules: wat 5 year plan are u working on?
(16:34 / All) revelation21th: where is greeen
(16:43 / Allies) Shortroundrules: red hero
(16:45 / All) humanplayer: PLAYING SIM CITY AT HIS BASE
(16:51 / All) revelation21th: rofl
(16:53 / All) yourgfwantsme: lol
(16:58 / 7) WannaPlayAGame: we have a few pants poopers
(17:27 / All) WannaPlayAGame: wow nice hackws
(17:34 / 7) WannaPlayAGame: team kill this skum
(17:40 / All) revelation21th: rofl
(17:40 / 8) beenden: cant
(17:42 / All) revelation21th: ok
(17:45 / 8) beenden: my base was shit on all game
(17:57 / 7) WannaPlayAGame: well hog expos then
(20:57 / 7) WannaPlayAGame: what is your plan
(21:06 / 8) beenden: shit around
(21:15 / 7) WannaPlayAGame: hog expos and items
(21:18 / 7) WannaPlayAGame: at least
(21:48 / 8) beenden: im really really poor
(21:50 / 8) beenden: so dont expect a lot
(22:00 / 7) WannaPlayAGame: dotn tk just mass hog all mines
(22:04 / 7) WannaPlayAGame: u dont need units if it comes to that
(22:35 / All) Shortroundrules: LOL, k, i wanted to see what's he doing
(22:47 / All) Shortroundrules: he cleared a space to build a hall on the top right of the map
(22:53 / All) WannaPlayAGame: we have a pants poop[er
(22:57 / All) WannaPlayAGame: sad pants frown diaper
(22:59 / All) yourgfwantsme: what a deuschebag
(23:26 / All) Shortroundrules: he's just towering up right now there
(23:59 / All) Shortroundrules: he's got about 10 tanks, couple copter and 10 morts up there
(24:05 / All) Shortroundrules: gl guys
(24:22 / 7) WannaPlayAGame: i know what
(24:23 / 7) WannaPlayAGame: u can do
(24:24 / 7) WannaPlayAGame: mass expos
(24:26 / 7) WannaPlayAGame: and feed my heros
(24:27 / 7) WannaPlayAGame: xp
(24:30 / 7) WannaPlayAGame: mass gargs and feed them to me
(24:31 / 7) WannaPlayAGame: i need xp
(24:33 / 7) WannaPlayAGame: send now
(24:36 / 7) WannaPlayAGame: attack me i nee xp
(24:48 / 8) beenden: where
(24:50 / 8) beenden: top right?
(24:52 / 7) WannaPlayAGame: ya
(24:59 / 7) WannaPlayAGame: send destros
(25:06 / 7) WannaPlayAGame: have them attack my alchemist
(25:13 / 7) WannaPlayAGame: if he gets low helath, refocus
(25:20 / 7) WannaPlayAGame: dont blatantly feed, just suck ass at killing me
(26:25 / All) yourgfwantsme: you idio
(26:26 / All) yourgfwantsme: t
(26:35 / All) yourgfwantsme: is this fun for you?
(26:43 / All) WannaPlayAGame: is the pope catholic
(26:48 / 7) WannaPlayAGame: feed more
(27:00 / 8) beenden: with what
(27:08 / 8) beenden: uve got hack
(27:09 / 8) beenden: check my supplies
(27:23 / 7) WannaPlayAGame: uy gave 3 miners
(27:41 / 8) beenden: that mine is due to callapse furst anyway
(28:28 / 7) WannaPlayAGame: whats their plan
(28:31 / 7) WannaPlayAGame: orbital drop?
(29:57 / All) revelation21th: rofl
(31:41 / 8) beenden: you got any requests for items?
(31:49 / 7) WannaPlayAGame: i dont think that will work
(31:53 / 7) WannaPlayAGame: bsides i have no shop
(31:56 / 8) beenden: research backpack
(31:57 / 7) WannaPlayAGame: id rather u just feed
(32:02 / 8) beenden: put items in ghoul
(32:05 / 8) beenden: put ghoul in blimp
(32:08 / 8) beenden: let ghoul die to you
(32:11 / 8) beenden: or something like that
(32:14 / 8) beenden: and you pick up item
(32:20 / 8) beenden: idk if you wanted clawes
(32:22 / 8) beenden: or something
(32:39 / 7) WannaPlayAGame: just feed me gargs
(32:41 / 7) WannaPlayAGame: i need level 6
(33:34 / 7) WannaPlayAGame: come on
(33:36 / 7) WannaPlayAGame: 9000 godl feed me
(33:41 / 7) WannaPlayAGame: i need 7 7 7 before they hit big attack
(33:54 / 8) beenden: thjey getting pissed that im noob
(34:22 / 7) WannaPlayAGame: 3 graveyard?
(34:31 / 7) WannaPlayAGame: shit they tking u
(34:34 / 7) WannaPlayAGame: try to avoid tk if u can
(34:52 / 8) beenden: are they?
(34:59 / 7) WannaPlayAGame: he took an expo
(35:01 / 7) WannaPlayAGame: dont complain
(35:30 / 7) WannaPlayAGame: fuck
(36:49 / 7) WannaPlayAGame: feed
(36:49 / 7) WannaPlayAGame: me
(36:51 / 7) WannaPlayAGame: dont killa ynthing
(37:14 / 7) WannaPlayAGame: u killed evefy last mortar
(37:19 / 7) WannaPlayAGame: so far ur mvp of killing perch
(37:38 / 8) beenden: should i jsut tk back
(37:40 / 8) beenden: im being like
(37:41 / 7) WannaPlayAGame: no
(37:43 / 8) beenden: as amiable as i can
(37:43 / 7) WannaPlayAGame: hwo much are they tking
(38:00 / 7) WannaPlayAGame: tk back with twoers
(38:02 / 7) WannaPlayAGame: in meantime pump units
(38:04 / 7) WannaPlayAGame: i need ofood
(38:08 / 7) WannaPlayAGame: get tav heros and zepp them over here
(38:21 / 7) WannaPlayAGame: spam, buildings at ur expos
(38:24 / 7) WannaPlayAGame: dont get defeated with 15k
(38:33 / 7) WannaPlayAGame: SPEnd dont CHat
(39:43 / 7) WannaPlayAGame: get zigs too
(39:44 / 7) WannaPlayAGame: u need food
(39:47 / 7) WannaPlayAGame: and pump units asap
(39:52 / 7) WannaPlayAGame: when ur mains dead no more gargs
(39:54 / 7) WannaPlayAGame: so gogogo make gargs
(42:36 / All) WannaPlayAGame: zzz
(42:38 / All) WannaPlayAGame: ??
(42:54 / All) yourgfwantsme: we're killing our other ally cause he's retarded... just like you
(43:02 / All) revelation21th: rofl
(43:03 / All) WannaPlayAGame: more like youre killing him cuz u cant kill me
(43:05 / All) WannaPlayAGame: n00b
(43:05 / All) beenden: they are wasting time while you do useful things
(43:18 / 7) WannaPlayAGame: no
(43:26 / All) yourgfwantsme: ya and building 11 crypts and 8 graveyards isn't a waste of time...
(43:26 / All) beenden: i made a bunch of buildings jsut to see if htey would be retarded enough to sit htere and kill them
(43:28 / All) beenden: they are
(43:36 / All) beenden: it only took me like 50 seconds
(43:42 / All) beenden: its taking you like 15 minuts to tear them down
(43:48 / All) beenden: and in the mean time they arent doing an ything special
(44:16 / 7) WannaPlayAGame: keep themp boats coming
(44:47 / All) WannaPlayAGame: aheuaheuhaehueua